 Dungeon Crawl Stone Soup version 0.31.0-11-ge490571c62 (webtiles) character file.

Game seed: 439683138154398951

153 browni3141 the Shield-Bearer (level 5, -3/47 HPs)
             Began as a Minotaur Fighter on Jan 29, 2024.
             Killed by nerve-wracking pain
             ... invoked by an orc priest
              (4 damage)
             ... on level 3 of the Dungeon.
             The game lasted 00:00:44 (1608 turns).

browni3141 the Shield-Bearer (Minotaur Fighter)     Turns: 1608, Time: 00:00:44

Health: -3/47      AC:  7    Str: 22    XL:     5   Next: 12%
Magic:  4/4        EV:  9    Int:  5    God:
Gold:   153        SH:  4    Dex: 10    Spells: 4/4 levels left

rFire   . . .        a - +0 war axe
rCold   . . .        c - +0 buckler
rNeg    . . .        b - +0 scale mail
rPois   .            (helmet restricted)
rElec   .            (no cloak)
rCorr   .            (no gloves)
SInv    .            (no boots)
Will    .....        (no amulet) Stlth
                     (no ring)
HPRegen 0.27/turn    (no ring)
MPRegen 0.09/turn

%: no passive effects
@: no status effects
A: horns 2, retaliatory headbutt
a: no special abilities


You were on level 3 of the Dungeon.
You visited 1 branch of the dungeon, and saw 3 of its levels.

You collected 153 gold pieces.

Inventory:

Hand Weapons
 a - a +0 war axe (weapon)
Armour
 b - a +0 scale mail (worn)
 c - a +0 buckler (worn)
Scrolls
 e - a scroll of revelation {unknown}
 f - a scroll of enchant armour {unknown}
 g - a scroll of enchant weapon {unknown}
 h - 3 scrolls of brand weapon {unknown}
 i - a scroll of fear {unknown}
 j - a scroll of poison {unknown}
 k - a scroll of torment {unknown}
Potions
 d - 3 potions of might


   Skills:
 + Level 4.5 Fighting
 * Level 4.4 Axes
 + Level 4.4 Armour
 + Level 4.5 Shields


You had 4 spell levels left.
You didn't know any spells.
Your spell library contained the following spells:

 Spells                   Type           Power      Damage    Failure   Level
 Shock                    Conj/Air       0%         1d3       86%         1
 Static Discharge         Conj/Air       0%         3-3/arc   94%         2
 Hailstorm                Conj/Ice       0%         3d5       99%         3
 Summon Ice Beast         Ice/Summ       0%         N/A       99%         3
 Manifold Assault         Tloc           0%         N/A       100%        4
 Freezing Cloud           Conj/Ice/Air   0%         6-21      100%        5
 Sculpt Simulacrum        Ice/Alch       0%         N/A       100%        6


Dungeon Overview and Level Annotations

Branches:
Dungeon (3/15)

Altars:
Vehumet


Innate Abilities, Weirdness & Mutations

You have a pair of horns on your head.
You reflexively headbutt those who attack you in melee.


Message History

The adder hisses angrily.
An adder is nearby!
An adder is nearby!
An adder is nearby!
You slash the adder!
The adder is almost dead.
The adder bites you but does no damage. The adder barely misses you.
An adder is nearby!
You slash the adder!
You kill the adder!
You have reached level 5!
You see here an adder corpse.
Key pressed, stopping explore.
No target in view!
A goblin comes into view. It is wielding a +0 dagger. x2
A goblin is nearby!
A goblin is nearby!
The goblin hits you but does no damage.
A goblin is nearby!
You slash the goblin!
You kill the goblin!
You see here a +0 dagger.
An orc and a bat come into view.
The bat barely misses you. You furiously retaliate!
You headbutt the bat.
You kill the bat!
An orc is nearby!
You hit the orc. Your headbutt misses the orc.
The orc is heavily wounded.
The orc hits you but does no damage.
An orc is nearby!
The orc hits you with a +0 dagger.
An orc is nearby!
You barely miss the orc.
The orc is heavily wounded.
The orc barely misses you.
You closely miss the orc.
The orc is heavily wounded.
The orc closely misses you.
An orc is nearby!
You hit the orc.
The orc is almost dead.
The orc closely misses you. You furiously retaliate!
You headbutt the orc!
You kill the orc!
An orc and an orc priest come into view.
The orc shouts!
The orc priest shouts!
You hear a shout! x2
An orc comes into view. It is wielding a +0 dagger.
The orc shouts!
An orc priest comes into view. It is wielding a +0 whip.
There are monsters nearby!
The orc priest shouts!
An orc comes into view. It is wielding a +0 mace.
There are monsters nearby!
You closely miss the orc priest.
The orc priest hits you but does no damage.
There are monsters nearby!
You barely miss the orc priest. You slash the orc!
You kill the orc!
The orc priest invokes the aid of Beogh against you.
Pain shoots through your body!
The orc priest mumbles some strange prayers to Beogh against you.
Pain shoots through your body!
There are monsters nearby!
You hit the orc priest.
The orc priest is heavily wounded.
You barely miss the orc. The orc hits you with a +0 dagger.
You closely miss the orc priest.
The orc priest is heavily wounded.
You barely miss the orc. The orc hits you with a +0 dagger.
The orc priest hits you with a +0 flail.
There are monsters nearby!
You hit the orc priest.
The orc priest is moderately wounded.
You hit the orc priest. You hit the orc. You block the orc priest's attack.
The orc closely misses you. The orc priest hits you with a +0 whip.
The orc priest calls down the wrath of Beogh upon you.
Pain shoots through your body!
The orc priest hits you but does no damage.
The orc hits you but does no damage.
You barely miss the orc priest. Your headbutt misses the orc priest.
The orc priest is severely wounded.
You closely miss the orc priest. You barely miss the orc.
You block the orc priest's attack. The orc barely misses you.
You furiously retaliate!
You headbutt the orc.
You kill the orc!
The orc priest looks braver for a moment.
You barely miss the orc priest.
The orc priest is moderately wounded.
You hit the orc.
You hit the orc priest but do no damage.
The orc priest hits you with a +0 whip.
The orc priest calls down the wrath of Beogh upon you.
Beogh smites you! The orc barely misses you.
There are monsters nearby!
You are too injured to fight recklessly!
You hit the orc priest.
The orc priest is severely wounded.
You closely miss the orc. You closely miss the orc priest.
The orc priest calls down the wrath of Beogh upon you.
Pain shoots through your body!
You die...

######## .......#
######.# #†# #.##
#..######
#.......########.##
#..####.#..oo......
#..# #....@o.....#
...##..######.######..#
g..........).......#
....#.........)..#.#
... #.########.#.# #.
#. #.#.# # #. #.... ..
...... .....8 ###.#..


You could see 2 orc priests and an orc.

Vanquished Creatures
  A jelly (D:3)
  2 hound skeletons (D:3)
  3 adders
  2 adder skeletons (D:3)
  A dart slug (D:1)
  4 orcs (D:3)
  A ball python (D:1)
  5 bats
  5 endoplasms
  4 giant cockroaches
  7 goblins
  6 hobgoblins
  3 jackals (D:1)
  A quokka (D:1)
  2 frilled lizards (D:2)
  A jackal skeleton (D:3)
  5 kobolds
  A quokka zombie (D:3)
  4 rats
58 creatures vanquished.

Notes
Turn   | Place    | Note
-------+----------+-------------------------------------------
     0 | D:1      | browni3141 the Minotaur Fighter began the quest for the
                  | Orb.
     0 | D:1      | Reached XP level 1. HP: 19/19 MP: 0/0
    76 | D:1      | Got the Collected Works on the Distorted Storm
   104 | D:1      | Reached XP level 2. HP: 27/27 MP: 1/1
   377 | D:1      | Reached XP level 3. HP: 33/33 MP: 2/2
   477 | D:1      | Found a faded altar of an unknown god.
  1061 | D:2      | Found a radiant altar of Vehumet.
  1399 | D:3      | Reached XP level 4. HP: 39/40 MP: 3/3
  1571 | D:3      | Reached XP level 5. HP: 47/47 MP: 4/4
  1607 | D:3      | HP: 1/47 [orc priest/divine providence (15)]
  1608 | D:3      | Killed from afar by an orc priest

Illustrated notes

Levels and vault maps discovered:
D:1:      wander_arrival_peaceful_grave, layout_basic,
          shapermc_ecumenical_altar_ellora, due_unseen_surprise
D:2:      layout_loops_cross, basic_altar
D:3:      layout_loops_ring, serial_undead, serial_undead_d, serial_undead_d,
          serial_undead_c, serial_undead_d, lemuel_flame_loot_1

Skill      XL: |  1  2  3  4 |
---------------+-------------+-----
Axes           | 3 4 |  4.4
Shields        | 4 |  4.5
Fighting       | 4 |  4.5
Armour         | 4 |  4.4

Action                     |  1- 3 |  4- 6 || total
---------------------------+-------+-------++-------
  Melee: War axe           |    75 |    25 ||   100
         Headbutt          |     9 |       ||     9
 Armour: Scale mail        |    55 |    24 ||    79
  Dodge: Dodged            |    47 |    14 ||    61
  Block: Buckler           |    19 |     3 ||    22
